 Dungeon Crawl Stone Soup version 0.29-a0-221-gceb61267dd (webtiles) character file.

Game seed: 9597040417850817751

5214 tognito the Cleaver (level 10, -3/89 HPs)
             Began as a Minotaur Berserker on Feb 26, 2022.
             Was an Elder of Trog.
             Slain by a kobold
             ... wielding a +0 short sword
              (4 damage)
             ... on level 8 of the Dungeon.
             The game lasted 00:16:18 (9366 turns).

tognito the Cleaver (Minotaur Berserker)            Turns: 9366, Time: 00:16:18

Health: -3/89      AC: 15    Str: 31    XL:     10   Next: 35%
Magic:  9/9        EV: 10    Int:  4    God:    Trog [****..]
Gold:   599        SH:  5    Dex: 11    Spells: 9/9 levels left

rFire   + . .      SeeInvis +   a - +0 war axe
rCold   x . .      Faith    .   (no shield)
rNeg    + . .      Spirit   .   p - +0 plate armour
rPois   .          Reflect  +   C - +1 hat
rElec   .          Harm     .   (no cloak)
rCorr   +          Rampage  .   o - +0 pair of gloves
Will    .....                   (no boots)
Stlth   ..........              u - amulet of reflection
HPRegen 0.24/turn               l - ring "Zein" {Fire +Blink rCorr Str+6 SInv}
MPRegen 0.11/turn               B - ring of positive energy

@: on berserk cooldown
A: horns 2, retaliatory headbutt
a: Renounce Religion, Evoke Blink, Berserk, Trog's Hand, Brothers in Arms


You were on level 8 of the Dungeon.
You worshipped Trog.
Trog was greatly pleased with you.
You visited 1 branch of the dungeon, and saw 8 of its levels.
You also visited: Sewer and Ossuary.

You collected 599 gold pieces.

Inventory:

Hand Weapons
 a - a +0 war axe (weapon)
 b - a +0 mace of protection
Missiles
 c - 6 poisoned darts
 w - 3 boomerangs (quivered)
Armour
 o - a +0 pair of gloves (worn)
 p - a +0 plate armour (worn)
 C - a +1 hat (worn)
Jewellery
 g - an amulet of magic regeneration
 l - the ring "Zein" (left hand) {Fire +Blink rCorr Str+6 SInv}
   (You found it on level 3 of the Dungeon)

   [ring of fire]

   It enhances your fire magic.
   Str:       It affects your strength (+6).
   rF:        It protects you from fire.
   rC:        It makes you vulnerable to cold.
   SInv:      It lets you see invisible.
   +Blink:    It lets you blink.
   rCorr:     It protects you from acid and corrosion.
 m - a ring of fire
 u - an amulet of reflection (around neck)
 B - a ring of positive energy (right hand)
Scrolls
 d - 3 scrolls of enchant weapon {unknown}
 e - 10 scrolls of identify {unknown}
 h - 3 scrolls of noise {unknown}
 i - 9 scrolls of teleportation {unknown}
 j - 4 scrolls of fear {unknown}
 k - 2 scrolls of fog {unknown}
 n - a scroll of amnesia {unknown}
 q - 3 scrolls of vulnerability {unknown}
 s - 4 scrolls of immolation {unknown}
 t - a scroll of summoning {unknown}
 y - 3 scrolls of magic mapping {unknown}
 A - 4 scrolls of blinking {unknown}
 D - a scroll of enchant armour {unknown}
Potions
 f - 6 potions of curing
 r - a potion of invisibility
 v - a potion of might
 z - 5 potions of flight


   Skills:
 + Level 8.3 Fighting
 * Level 11.4 Axes
 + Level 6.2 Throwing
 + Level 7.7 Armour
 + Level 7.1 Dodging


You had 9 spell levels left.
You didn't know any spells.
Your spell library was empty.

Dungeon Overview and Level Annotations

Branches:
Dungeon (8/15)             Temple (0/1) D:7           Sewer (visited)
Ossuary (visited)
   Lair: D:8-11

Altars:
Ashenzari
Elyvilon
Wu Jian

Shops:
D:3 ((!=*   D:6 *   D:7 ?((?

Annotations:
D:6 3 runed translucent doors, Gildeon's ghost, novice OpFi
D:8 Grum


Innate Abilities, Weirdness & Mutations

You have a pair of horns on your head.
You reflexively headbutt those who attack you in melee.


Message History

You slash the wolf! Your headbutt misses the wolf.
You punch the wolf, but do no damage.
The wolf is almost dead.
You hit the kobold.
You kill the kobold!
Trog accepts your kill. You block the wolf's attack.
The wolf closely misses you. You furiously retaliate!
You headbutt the wolf.
You kill the wolf!
Trog accepts your kill. Grum barely misses you. You block the kobold's attack.
You block Grum's attack. The kobold closely misses you. Grum barely misses you.
The kobold hits you but does no damage. You block the kobold's attack.
Grum hits you with a +0 halberd. The kobold closely misses you.
The kobold hits you with a +0 short sword.
You slash Grum!
Grum is moderately wounded.
You barely miss the kobold. You closely miss the kobold.
Grum zaps a wand.
You easily resist.
The kobold barely misses you. Grum hits you with a +0 halberd!
* * * LOW HITPOINT WARNING * * *
You slash Grum! Your headbutt misses Grum.
Grum is heavily wounded.
You barely miss the kobold. You hit the kobold but do no damage.
You miss the kobold. The kobold hits you but does no damage.
The kobold barely misses you. You furiously retaliate!
You headbutt the kobold!
You kill the kobold!
Trog accepts your kill. Grum hits you with a +0 halberd!
* * * LOW HITPOINT WARNING * * *
The kobold misses you. The kobold closely misses you.
You slash Grum!
Grum is almost dead.
You closely miss the kobold. You miss the kobold.
You feel yourself speed up. Grum hits you with a +0 halberd!
* * * LOW HITPOINT WARNING * * *
The kobold hits you but does no damage.
The kobold hits you with a +0 short sword.
You die...

.....##..........# #.# #....#
.######..........##+####.#......#
.# #..................#...... .#
#..................#... +###
#..................#..#+#.# ...#
#..........##.####.#..#.#.# ...#
#..........##.# #.#..#.#.# ...#
#........Kg##.####.#..#.#.#
...######......K@.............#.#
....(##....#####.)#...####.####.#
.....##....# ##.#..............
.....##....# #.#.....#........
.....##....# #.#.....#..######
.....##....# #................
.....##....# #.....#.#..######
.....##....# #..>..#.#..# #
.....##....# #.## # #..# #


You could see Grum and 2 kobolds.

Vanquished Creatures
  Gastronok (D:8)
  Maggie (D:6)
  Menkaure (D:6)
  6 yaks (D:6)
  4 water moccasins (D:6)
  The ghost of WLBjork the Covert, an amateur SpBr (D:4)
  An orc warrior (D:6)
  2 black bears
  4 wolves (D:8)
  2 necrophages
  3 ogres
  A phantom (D:6)
  2 centaurs
  2 bullfrogs (D:7)
  4 scorpions
  A howler monkey (D:5)
  2 jellies
  2 orc priests
  2 hounds
  3 iguanas
  2 orc wizards (D:4)
  8 mummies (Ossuary)
  13 adders
  3 river rats (Sewer)
  A white imp (D:8)
  2 ufetubi
  4 worms
  3 dart slugs
  19 orcs
  6 endoplasms
  8 giant cockroaches
  11 goblins
  9 hobgoblins
  8 jackals
  6 quokkas
  13 ball pythons
  7 bats
  9 frilled lizards
  A gnoll zombie (Ossuary)
  2 hobgoblin zombies (Ossuary)
  10 kobolds
  3 kobold zombies (Ossuary)
  2 orc zombies (Ossuary)
  10 rats
205 creatures vanquished.

Vanquished Creatures (others)
  2 fungi (D:6)
  2 plants (D:6)
4 creatures vanquished.

Grand Total: 209 creatures vanquished

Notes
Turn   | Place    | Note
-------+----------+-------------------------------------------
     0 | D:1      | tognito the Minotaur Berserker began the quest for the Orb.
     0 | D:1      | Reached XP level 1. HP: 19/19 MP: 0/0
   271 | D:1      | Reached XP level 2. HP: 23/27 MP: 1/1
   328 | D:1      | Reached skill level 4 in Axes
   915 | D:1      | Reached XP level 3. HP: 26/33 MP: 2/2
  1045 | D:1      | Reached skill level 1 in Throwing
  1943 | D:2      | Reached ** piety under Trog
  2347 | D:2      | Reached XP level 4. HP: 40/40 MP: 3/3
  2794 | D:3      | Found a broken altar of Ashenzari.
  2842 | D:3      | Identified the ring "Zein" {Fire +Blink rCorr Str+6 SInv}
  2936 | D:3      | Found Loumm's Jewellery Shop.
  2947 | D:3      | Found Bitweseh's Distillery.
  3062 | D:3      | Found Qimoc's Antique Weapon Boutique.
  3108 | D:3      | Found Juzol's Weapon Shop.
  3110 | D:3      | Noticed a scorpion
  3122 | D:3      | Killed a scorpion
  3123 | D:3      | Reached skill level 5 in Axes
  3123 | D:3      | Reached XP level 5. HP: 32/46 MP: 4/4
  3430 | D:3      | Found Yhuon's General Store.
  3670 | D:4      | Found a sand-covered staircase.
  3680 | Ossuary  | Entered an ossuary
  3917 | Ossuary  | Reached XP level 6. HP: 50/53 MP: 5/5
  4202 | D:4      | Reached *** piety under Trog
  4337 | D:4      | Reached skill level 6 in Axes
  4487 | D:4      | Reached skill level 5 in Fighting
  4487 | D:4      | Reached XP level 7. HP: 54/61 MP: 6/6
  4542 | D:4      | Found a runed translucent gate.
  4543 | D:4      | Found a runed translucent gate.
  4543 | D:4      | Found a runed translucent gate.
  4545 | D:4      | Noticed WLBjork's ghost (amateur SpBr)
  4842 | D:4      | Found an ornate altar of the Wu Jian Council.
  5033 | D:4      | Killed WLBjork's ghost
  5058 | D:5      | Entered Level 5 of the Dungeon
  5093 | D:5      | Reached skill level 7 in Axes
  5409 | D:5      | Found a glowing drain.
  5413 | Sewer    | Entered a sewer
  5423 | Sewer    | Reached XP level 8. HP: 67/70 MP: 7/7
  5474 | Sewer    | Reached **** piety under Trog
  5692 | Sewer    | Reached skill level 5 in Armour
  6105 | D:5      | Reached skill level 8 in Axes
  6550 | D:6      | Reached skill level 5 in Dodging
  6687 | D:6      | Noticed Maggie
  6710 | D:6      | Killed Maggie
  6909 | D:6      | Reached skill level 9 in Axes
  6922 | D:6      | Reached XP level 9. HP: 29/78 MP: 8/8
  6934 | D:6      | Reached skill level 5 in Throwing
  7348 | D:6      | Found a runed translucent gate.
  7348 | D:6      | Found a runed translucent gate.
  7348 | D:6      | Found a runed translucent gate.
  7349 | D:6      | Noticed Gildeon's ghost (novice OpFi)
  7351 | D:6      | Noticed a kobold demonologist
  7369 | D:6      | Found Gaib's Serpentskin Sales.
  7384 | D:6      | Reached skill level 10 in Axes
  7647 | D:6      | Noticed Menkaure
  7653 | D:6      | Killed Menkaure
  7775 | D:7      | Found Reky's Magic Scroll Boutique.
  7892 | D:7      | Found a staircase to the Ecumenical Temple.
  7979 | D:7      | Found Ekeumav's Weapon Shoppe.
  8063 | D:7      | Found Faics's Weapon Boutique.
  8110 | D:7      | Found Zelyponk's Magic Scroll Shoppe.
  8371 | D:7      | Found a white marble altar of Elyvilon.
  8944 | D:8      | Noticed Gastronok
  8966 | D:8      | Killed Gastronok
  8967 | D:8      | Reached skill level 11 in Axes
  8967 | D:8      | Reached XP level 10. HP: 88/88 MP: 9/9
  9309 | D:8      | Noticed Grum
  9366 | D:8      | HP: 1/89 [Grum/+0 halberd (10)]
  9366 | D:8      | Slain by a kobold

Illustrated notes

Levels and vault maps discovered:
D:1:      tarquinn_simple_flora_water_a, layout_basic, minmay_pentomino_v4
D:2:      layout_loops_ring
D:3:      layout_loops_ring, mainiacjoe_overflow_small_starburst, serial_shops,
          nicolae_lakefront_shop, shop, shop, nicolae_shop_window_shopping,
          nicolae_shop_behind_doors
D:4:      layout_loops_ring, nzn_wu_jian_contemplation,
          ebering_ghost_rock_garden, nicolae_ossuary_entry_monument
D:5:      layout_loops_ring, gup_sewer_entry_bowl, minmay_misc_feat_pillars,
          hangedman_decor_diamond_cutter, lemuel_flamethrower_2
D:6:      layout_loops_cross, gammafunk_ghost_nasty_kobolds,
          guppyfry_shop_venom, uniq_menkaure, uniq_maggie
D:7:      layout_cave_pods, nicolae_elyvilon_peaceful_grove,
          minmay_temple_entry_wispy, serial_shops, shop,
          nicolae_shop_bloodbath_and_beyond, nicolae_shop_waterfront,
          nicolae_shop_behind_doors, minmay_misc_feat_iff, grunt_ministairs_11
D:8:      layout_basic, wad_floor_pattern_2, kennysheep_dice, uniq_gastronok,
          uniq_erica, uniq_grum

Skill      XL: |  1  2  3  4  5  6  7  8  9 |
---------------+----------------------------+-----
Axes           | 4 5 6 7 9 11 | 11.4
Throwing       | 1 2 3 4 6 |  6.2
Fighting       | 4 5 6 8 |  8.3
Armour         | 3 4 6 7 |  7.7
Dodging        | 3 4 5 7 |  7.1

Action                   |  1- 3 |  4- 6 |  7- 9 | 10-12 || total
-------------------------+-------+-------+-------+-------++-------
Melee: Hand axe          |   112 |    89 |   206 |       ||   407
       Headbutt          |     5 |    19 |    52 |     3 ||    79
       Punch             |     1 |       |     4 |     1 ||     6
       Mace              |       |    31 |    47 |       ||    78
       War axe           |       |       |    37 |    18 ||    55
Throw: Dart              |       |       |    18 |     6 ||    24
       Boomerang         |       |       |     6 |     2 ||     8
Invok: Berserk           |       |     1 |     3 |     1 ||     5
       Trog's Hand       |       |       |     2 |       ||     2
  Use: Potion            |     6 |       |     4 |     2 ||    12
 Stab: Invisible         |       |       |     3 |       ||     3
Armor: Animal skin       |    15 |       |       |       ||    15
       Scale mail        |    10 |    48 |       |       ||    58
       Chain mail        |       |     1 |    61 |       ||    62
       Plate armour      |       |       |    55 |    19 ||    74
Dodge: Dodged            |    60 |    56 |   128 |    36 ||   280
Block: Other             |       |     5 |    54 |    20 ||    79
       Reflection        |       |       |     2 |       ||     2

Table legend: (Time is in decaauts)
 A = Elapsed time spent in this place.
 B = Non-inter-level travel time spent in this place.
 C = Inter-level travel time spent in this place.
 D = Time resting spent in this place.
 E = Time spent auto-exploring this place.
 F = Levels seen in this place.
 G = Mean time per level.
                   A        B        C        D        E       F      G
               +--------+--------+--------+--------+--------+-----+--------+
         Total |   9530 |   9289 |    241 |     38 |   7791 |  10 |  953.0 |
       Dungeon |   8287 |   8046 |    241 |     38 |   6819 |   8 | 1035.9 |
         Sewer |    779 |    779 |      0 |      0 |    589 |   1 |  779.0 |
       Ossuary |    463 |    463 |      0 |      0 |    383 |   1 |  463.0 |
               +--------+--------+--------+--------+--------+-----+--------+

Top non-repeatable levels by time:
     D:1: 1601 daAuts
     D:6: 1245 daAuts
     D:3: 1056 daAuts
     D:2: 988 daAuts
     D:4: 979 daAuts
     D:7: 861 daAuts
     D:5: 840 daAuts
   Sewer: 779 daAuts
     D:8: 713 daAuts
 Ossuary: 463 daAuts
